 Dungeon Crawl Stone Soup version 0.26-a0-652-gafc20e3620 (webtiles) character file.

Game seed: 520382614488422995

225940 Flugkiller the Brawler (level 18, -1/294 HPs)
             Began as an Ogre Transmuter on Oct 3, 2020.
             Was the Champion of Cheibriados.
             Killed from afar by a deep elf death mage (48 damage)
             ... with a bolt of negative energy
             ... on level 3 of the Elven Halls on Oct 4, 2020.
             The game lasted 01:39:03 (16468 turns).

Flugkiller the Brawler (Ogre Transmuter)           Turns: 16468, Time: 01:39:03

Health: -1/294     AC: 16    Str: 40    XL:     18   Next: 87%
Magic:  10/28      EV: 11    Int: 33    God:    Cheibriados [******]
Gold:   2163       SH:  0    Dex: 26    Spells: 7/31 levels left

rFire    + + .     SeeInvis .     - Unarmed
rCold    x . .     Faith    +   (shield currently unavailable)
rNeg     . . .     Spirit   .   (armour currently unavailable)
rPois    +         Reflect  .   (helmet currently unavailable)
rElec    .         Harm     .   (cloak currently unavailable)
rCorr    .         Rampage  .   (gloves unavailable)
MR       +....                  (boots unavailable)
Stlth    ++........             s - amulet of faith
HPRegen  0.59/turn              v - ring of wizardry
MPRegen  0.21/turn              m - +4 ring of slaying

@: dragon-form, flying, very slightly contaminated, heavily drained, invisible,
very slow
A: giant, unfitting armour, agile 1, deterioration 1, dopey 1, weak 2
}: 2/15 runes: decaying, serpentine
a: End Transformation, Bend Time, Temporal Distortion, Slouch, Step From Time,
Renounce Religion, Breathe Fire


You were on level 3 of the Elven Halls.
You worshipped Cheibriados.
Cheibriados was exalted by your worship.
You were a fearsome dragon!
You visited 7 branches of the dungeon, and saw 35 of its levels.
You also visited: Gauntlet and Ice Cave.

You collected 3525 gold pieces.
You spent 1362 gold pieces at shops.

Inventory:

Missiles
 z - 8 silver javelins (quivered)
Armour
 f - a scarf of invisibility
   (You found it on level 3 of the Elven Halls)
 n - a +0 kite shield
   (You took it off Donald on level 2 of the Snake Pit)
 w - a +0 troll leather armour (melded)
   (You found it on level 11 of the Dungeon)
 M - the +2 hat "Culah" (melded) {rN+ Regen+ Dex+3 Slay+2}
   (You acquired it on level 13 of the Dungeon)

   It affects your dexterity (+3).
   It affects your accuracy and damage with ranged weapons and melee attacks
   (+2).
   It protects you from negative energy.
   It increases your rate of regeneration.
 S - the +3 cloak "Veheu" (melded) {Dex+5 Stlth+}
   (You found it on level 2 of the Elven Halls)

   It affects your dexterity (+5).
   It makes you more stealthy.
 U - a +0 tower shield of cold resistance
   (You found it in an ice cave)
Jewellery
 m - a +4 ring of slaying (right foreclaw)
   (You found it on level 10 of the Dungeon)
 s - an amulet of faith (around neck)
   (You found it on level 5 of the Dungeon)
 v - a ring of wizardry (left foreclaw)
   (You found it on level 6 of the Lair of Beasts)
 y - an uncursed ring of poison resistance
   (You found it on level 6 of the Dungeon)
 C - a cursed amulet of regeneration
   (You found it on level 7 of the Dungeon)
 N - the ring "Oda Veur" {rF- Str+6 Int+2 Dex+8}
   (You found it in a Gauntlet)

   [ring of strength]

   It affects your strength (+6).
   It affects your intelligence (+2).
   It affects your dexterity (+8).
   It makes you vulnerable to fire.
Wands
 q - a wand of digging (3)
   (You took it off Ijyb on level 5 of the Dungeon)
 r - a wand of polymorph (12)
   (You found it on level 5 of the Dungeon)
 t - a wand of acid (17)
   (You found it on level 7 of the Dungeon)
 u - a wand of flame (16)
   (You found it on level 6 of the Dungeon)
 A - a wand of paralysis (11)
   (You bought it in a shop on level 8 of the Dungeon)
 I - a wand of iceblast (10)
   (You found it on level 11 of the Dungeon)
 O - a wand of enslavement (7)
   (You found it in a Gauntlet)
Scrolls
 e - 2 scrolls of enchant armour
 i - 9 scrolls of teleportation
 j - 11 scrolls of remove curse
 l - 7 scrolls of enchant weapon
 o - 2 scrolls of noise
 x - 2 scrolls of blinking
 B - a scroll of immolation
 D - a scroll of brand weapon
 F - a scroll of identify
 K - a scroll of vulnerability
 P - 2 scrolls of fear
 W - a scroll of silence
Potions
 a - 2 potions of lignification
 b - 3 potions of stabbing
 c - 9 potions of might
 d - 5 potions of flight
 g - 7 potions of curing
 h - a potion of invisibility
 k - 5 potions of mutation
 p - 4 potions of brilliance
 E - 4 potions of resistance
 J - 4 potions of heal wounds
 Q - a potion of cancellation
 R - 3 potions of haste
 V - 2 potions of magic
 X - 2 potions of ambrosia
Miscellaneous
 G - a lightning rod (4/4)
   (You found it on level 10 of the Dungeon)
 H - a phantom mirror
   (You found it on level 10 of the Dungeon)
 L - a tin of tremorstones (1/3)
   (You bought it in a shop on level 2 of the Orcish Mines)


   Skills:
 + Level 16.1(13.7) Fighting
 - Level 8.8(6.8) Dodging
 * Level 16.2(13.8) Unarmed Combat
 - Level 7.0(5.0) Spellcasting
 - Level 5.0(3.1) Necromancy
 - Level 2.0(0.3) Translocations
 - Level 14.0(11.6) Transmutations
 - Level 5.0(3.1) Ice Magic
 - Level 7.0(5.0) Earth Magic
   Level 1.0(0.0) Poison Magic
 - Level 12.0(9.7) Invocations
 - Level 7.0(5.0) Evocations


You had 7 spell levels left.
You knew the following spells:

 Your Spells              Type           Power        Failure   Level
a - Passwall              Tmut/Erth      ######..     1%          2
b - Wereblood             Tmut           ######..     1%          2
d - Ice Form              Ice/Tmut       ######..     1%          4
e - Frozen Ramparts       Ice            ####..       1%          3
f - Dragon Form           Tmut           ######....   13%         7
g - Borgnjor's Vile Clut  Necr/Erth      #####.....   10%         5
q - Apportation           Tloc           ##....       1%          1

Your spell library contained the following spells:

 Spells                   Type           Power        Failure   Level
 Animate Skeleton         Necr           ####..       1%          1
 Beastly Appendage        Tmut           ######       1%          1
 Corona                   Hex            #......      1%          1
 Foxfire                  Conj/Fire      #...         1%          1
 Freeze                   Ice            ####         1%          1
 Magic Dart               Conj           #...         1%          1
 Pain                     Necr           ####         1%          1
 Sandblast                Erth           #####.       1%          1
 Ensorcelled Hibernation  Hex/Ice        ###...       1%          2
 Spider Form              Tmut/Pois      #####.....   1%          3
 Stone Arrow              Conj/Erth      ###...       1%          3
 Vampiric Draining        Necr           ####......   1%          3
 Petrify                  Tmut/Erth      ######..     1%          4
 Blade Hands              Tmut           ######....   1%          5
 Searing Ray              Conj           #.....       2%          2
 Gell's Gravitas          Tloc           ##........   5%          3
 Animate Dead             Necr           ####......   5%          4
 Confusing Touch          Hex            #.......     6%          3
 Dazzling Flash           Conj/Hex       #.....       6%          3
 Mephitic Cloud           Conj/Pois/Air  #.......     6%          3
 Portal Projectile        Hex/Tloc       #.....       6%          3
 Tukima's Dance           Hex            #.......     6%          3
 Lee's Rapid Deconstruct  Erth           #####.....   7%          5
 Agony                    Necr           ####....     16%         5
 Iskenderun's Mystic Bla  Conj/Tloc      #.......     17%         4
 Cause Fear               Hex            #.........   19%         4
 Fulminant Prism          Conj/Hex       #.........   19%         4
 Bolt of Magma            Conj/Fire/Erth ###.......   26%         5
 Metabolic Englaciation   Hex/Ice        ###.......   26%         5
 Iskenderun's Battlesphe  Conj           #.......     45%         5
 Silence                  Hex/Air        #.........   45%         5
 Death Channel            Necr           ####......   58%         6
 Simulacrum               Ice/Necr       ####......   58%         6
 Iron Shot                Conj/Erth      ###.......   67%         6
 Freezing Cloud           Conj/Ice/Air   ###.......   86%         6
 Dispersal                Tloc           ##........   92%         6
 Orb of Destruction       Conj           #.........   100%        7
 Spellforged Servitor     Conj/Summ      #.........   100%        7
 Disjunction              Tloc           ##........   100%        8
 Dragon's Call            Summ           #.........   100%        9
 Shatter                  Erth           #####.....   100%        9


Dungeon Overview and Level Annotations

Branches:
Dungeon (15/15)            Temple (1/1) D:6            Lair (6/6) D:11
  Swamp (4/4) Lair:4        Snake (4/4) Lair:2        Slime (0/5) Lair:6
    Orc (2/2) D:10            Elf (3/3) Orc:2        Vaults (0/5) D:14
  IceCv (visited)         Gauntlet (visited)
 Depths: D:15

Altars:
Cheibriados
Dithmenos
Elyvilon
Gozag
Hepliaklqana
Kikubaaqudgha
Makhleb
Okawaru
Qazlal
Ru
Sif Muna
Trog
Uskayaw
Wu Jian
Xom
Yredelemnul
Zin
The Shining One
Beogh
Jiyva

Shops:
D:6 !   D:7 (   D:8 ?**   D:14 [   Orc:1 [[?[   Orc:2 :}(   Elf:2 [

Annotations:
D:8 Erica, Maggie
Lair:1 exclusion: oklob plant
Lair:3 exclusion: 3 oklob plants


Innate Abilities, Weirdness & Mutations

You are too large for most types of armour.
((You have tough skin. (AC +1)))
You are agile. (Dex +2)
Your body sometimes deteriorates upon taking damage.
You are dopey. (Int -2)
((Your flesh is heat resistant. (rF+)))
You are very weak. (Str -4)


Message History

The burst of rock shards engulfs the deep elf death mage!!
The lost soul assumes the form of the deep elf death mage and becomes anchored to this world!
The burst of rock shards engulfs the ghostly deep elf death mage!!
The burst of rock shards engulfs the deep elf blademaster!!
The burst of rock shards engulfs you but does no damage.
You hear a shout!
The deep elf blademaster hits you with a +0 short sword!
* * * LOW HITPOINT WARNING * * *
The deep elf blademaster hits you with a +0 short sword.
* * * LOW HITPOINT WARNING * * *
The ghostly deep elf death mage casts a spell.
The corpses begin to drag themselves along the ground! 2 crawling corpses come into view.
Unknown command.
Unknown command.
The deep elf blademaster closely misses you.
The deep elf blademaster hits you with a +0 short sword!
* * * LOW HITPOINT WARNING * * *
The deep elf blademaster hits you with a +0 short sword!
* * * LOW HITPOINT WARNING * * *
The deep elf blademaster hits you with a +0 short sword!
* * * LOW HITPOINT WARNING * * *
Two crawling corpses merge to form a small abomination.
The ghostly deep elf death mage beckons forth a restless soul!
Unknown command.
You maul the deep elf blademaster!!!
You tail-slap the deep elf blademaster.
The lost soul assumes the form of the deep elf blademaster and becomes anchored to this world!
You hear a shout!
The ghostly deep elf blademaster hits you with a +0 short sword!
* * * LOW HITPOINT WARNING * * *
The ghostly deep elf blademaster hits you but does no damage.
You fade into invisibility!
The ghostly deep elf blademaster hits you with a +0 short sword!
* * * LOW HITPOINT WARNING * * *
The ghostly deep elf blademaster hits you with a +0 short sword!
* * * LOW HITPOINT WARNING * * *
The ghostly deep elf blademaster hits you with a +0 short sword!
* * * LOW HITPOINT WARNING * * *
The ghostly deep elf blademaster hits you with a +0 short sword!
* * * LOW HITPOINT WARNING * * *
You are very lightly contaminated with residual magic.
You feel much better.
The ghostly deep elf blademaster hits you with a +0 short sword!
* * * LOW HITPOINT WARNING * * *
The ghostly deep elf blademaster closely misses you.
The deep elf death mage gestures at you while chanting.
The bolt of negative energy hits the ghostly deep elf blademaster.
The ghostly deep elf blademaster completely resists.
The bolt of negative energy hits you!!!
You feel drained.
You die...

##.). (.. # ##)##
# ##...# # #...)#
# #..x.# # ##ee##
##e# #D# #.#
#.################
#................#
########.....)..)#
##........'
#...P...##
##'..)..##
##.#.....#


You could see a ghostly deep elf blademaster (wandering), a deep elf death mage,
a ghostly deep elf death mage and a small abomination.

Vanquished Creatures
  Donald (Snake:2)
  2 thorn hunters (Swamp:4)
  6 nagarajas
  A deep elf elementalist (Elf:3)
  An orc warlord (Orc:2)
  A deep elf annihilator (Elf:3)
  A deep elf demonologist (Elf:3)
  A minotaur (Gauntlet)
  A white draconian (IceCv)
  A deep elf death mage (Elf:3)
  A green death (Gauntlet)
  21 hydras
  A vault guard (D:14)
  14 naga warriors
  4 shambling mangroves
  7 anacondas
  3 catoblepae (Lair:6)
  A death knight (D:13)
  An ogre mage (D:13)
  3 two-headed ogres
  2 centaur warriors (D:15)
  12 dancing weapons
  6 death yaks (Lair:6)
  A tengu warrior (D:11)
  7 alligators
  An orc high priest (Orc:1)
  11 naga sharpshooters
  2 shock serpents (Snake:2)
  Nergalle (D:10)
  Sonja (Lair:5)
  9 deep elf knights
  A salamander mystic (Snake:1)
  A skeletal warrior (D:15)
  2 swamp dragons
  A flayed ghost (D:15)
  3 spriggan druids
  An unseen horror (D:14)
  11 naga ritualists
  5 deep elf archers
  30 deep elf magi
  4 necromancers
  A shadow dragon zombie (D:15)
  14 mana vipers
  2 orc sorcerers
  7 ugly things
  2 cyclopes
  3 manticores
  A salamander (Snake:2)
  6 guardian serpents
  30 black mambas
  Joseph (D:9)
  10 elephants
  21 naga magi
  An ice statue (IceCv)
  8 cane toads
  2 gargoyles
  Psyche (D:10)
  An orange demon (Gauntlet)
  8 komodo dragons
  2 kobold demonologists
  7 centaur skeletons
  A yaktaur zombie (D:15)
  3 trolls
  15 polar bears (IceCv)
  9 tyrant leeches
  6 bog bodies
  13 hornets
  15 blink frogs
  8 slime creatures
  An air elemental (Elf:2)
  8 hippogriffs
  2 shadows
  A yak (shapeshifter) (Elf:3)
  36 yaks
  4 spriggans
  A wraith (D:12)
  20 humans (D:14)
  2 wyverns
  A human (shapeshifter) (D:15)
  2 basilisks
  4 fire elementals
  A water elemental (Elf:1)
  Grum (D:8)
  21 vampire mosquitoes
  42 nagas
  12 swamp worms
  13 insubstantial wisps
  A naga (shapeshifter) (D:15)
  Edmund (D:4)
  An acid dragon (D:13)
  A warg (Orc:2)
  15 water moccasins
  37 orc warriors
  7 porcupines
  15 ice beasts
  11 swamp drakes
  4 phantoms
  6 sky beasts
  An eye of draining (D:13)
  5 necrophages (Lair:4)
  8 ogres
  12 centaurs
  21 wolves
  5 small abominations (Gauntlet)
  18 crocodiles
  3 big kobolds
  Blork the orc (D:6)
  15 bullfrogs
  23 killer bees
  17 wights
  5 electric eels
  3 howler monkeys
  A quasit (D:10)
  2 bullfrog zombies
  A centaur zombie (D:6)
  3 jellies
  4 hounds
  30 orc wizards
  25 orc priests
  A bullfrog skeleton (D:13)
  7 iguanas
  9 worker ants
  Ijyb (D:5)
  Natasha (D:2)
  4 hell rats (Lair:6)
  2 hound skeletons
  A howler monkey zombie (D:5)
  A howler monkey skeleton (D:5)
  5 adders
  2 shadow imps
  A white imp (D:9)
  2 ufetubi
  An ooze (D:5)
  An adder zombie (D:5)
  2 worms
  A dart slug (D:2)
  3 leopard geckos
  89 orcs
  8 giant cockroaches
  A goblin (D:2)
  4 hobgoblins
  4 jackals (D:2)
  5 kobolds
  3 quokkas
  A bat (D:2)
  2 frilled lizards (D:2)
  A leopard gecko zombie (D:7)
  A quokka skeleton (D:6)
  A quokka zombie (D:5)
  A rat (D:2)
1022 creatures vanquished.

Vanquished Creatures (collateral kills)
  Asterion (Snake:1)
1 creature vanquished.

Vanquished Creatures (others)
  A shadow (Swamp:1)
  A centaur (D:15)
  A briar patch (Swamp:4)
  16 fungi
  89 plants
  5 withered plants (D:15)
113 creatures vanquished.

Grand Total: 1136 creatures vanquished

Notes
Turn   | Place    | Note
-------+----------+-------------------------------------------
     0 | D:1      | Flugkiller the Ogre Transmuter began the quest for the Orb.
     0 | D:1      | Reached XP level 1. HP: 19/19 MP: 3/3
    80 | D:2      | Reached XP level 2. HP: 17/28 MP: 5/5
   228 | D:2      | Noticed Natasha
   237 | D:2      | Killed Natasha
   237 | D:2      | Reached XP level 3. HP: 9/36 MP: 6/6
   246 | D:2      | Found a hide-covered altar of Uskayaw.
   263 | D:3      | Learned a level 3 spell: Spider Form
   422 | D:4      | Noticed Edmund
   462 | D:4      | Killed Edmund
   462 | D:4      | Reached skill level 1 in Poison Magic
   462 | D:4      | Reached XP level 4. HP: 12/45 MP: 1/7
   462 | D:4      | Reached XP level 5. HP: 15/53 MP: 1/8
   474 | D:4      | Noticed an ogre
   629 | D:4      | Noticed an orc warrior
   756 | D:4      | Killed an ogre
   756 | D:4      | Reached XP level 6. HP: 55/62 MP: 5/9
   777 | D:5      | Entered Level 5 of the Dungeon
   911 | D:5      | Reached skill level 5 in Unarmed Combat
  1211 | D:4      | Reached XP level 7. HP: 65/71 MP: 6/10
  1538 | D:5      | Noticed Ijyb
  1551 | D:5      | Killed Ijyb
  1671 | D:5      | Reached skill level 5 in Fighting
  1769 | D:5      | Found a basalt altar of Yredelemnul.
  2075 | D:5      | Learned a level 2 spell: Wereblood
  2080 | D:5      | Learned a level 4 spell: Ice Form
  2122 | D:5      | Reached XP level 8. HP: 25/81 MP: 3/12
  2275 | D:6      | Found Reupsiodgh's Distillery.
  2305 | D:6      | Bought a potion of lignification for 30 gold pieces
  2408 | D:6      | Found a hazy altar of Hepliaklqana.
  2513 | D:6      | Found a staircase to the Ecumenical Temple.
  2520 | Temple   | Entered the Ecumenical Temple
  2530 | Temple   | Became a worshipper of Cheibriados the Contemplative
  2585 | D:6      | Noticed Blork the orc
  2593 | D:6      | Killed Blork the orc
  2667 | D:6      | Reached skill level 5 in Spellcasting
  2815 | D:7      | Reached skill level 5 in Transmutations
  2990 | D:7      | Reached * piety under Cheibriados
  2991 | D:7      | Found Astroah's Antique Weapon Emporium.
  3031 | D:7      | Reached XP level 9. HP: 36/88 MP: 16/16
  3033 | D:7      | Reached skill level 1 in Ice Magic
  3033 | D:7      | Reached skill level 1 in Invocations
  3438 | D:8      | Found Ifapuj's Assorted Antiques.
  3438 | D:8      | Noticed Grum
  3625 | D:8      | Killed Grum
  3629 | D:8      | Bought a white potion for 17 gold pieces
  3629 | D:8      | Bought a scroll labeled BOGUDU WABBIOTS for 19 gold pieces
  3743 | D:8      | Reached ** piety under Cheibriados
  3827 | D:8      | Noticed Erica
  3855 | D:7      | Found a stormy altar of Qazlal.
  3894 | D:8      | Reached *** piety under Cheibriados
  3953 | D:8      | Found Sefop's Magic Scroll Boutique.
  3961 | D:8      | Bought a scroll of teleportation for 48 gold pieces
  3961 | D:8      | Bought a scroll of identify for 32 gold pieces
  3977 | D:8      | Found Lizuvvis's Assorted Antiques.
  3993 | D:8      | Reached XP level 10. HP: 36/102 MP: 13/17
  4017 | D:8      | Bought a scroll labeled QAECEI YHUDIU for 16 gold pieces
  4017 | D:8      | Bought a scroll labeled YFAELU ZAOFF for 16 gold pieces
  4017 | D:8      | Bought a scroll labeled QAECEI YHUDIU for 16 gold pieces
  4017 | D:8      | Bought a bronze wand for 64 gold pieces
  4017 | D:8      | Noticed Maggie
  4177 | D:9      | Reached skill level 5 in Dodging
  4190 | D:9      | Reached **** piety under Cheibriados
  4289 | D:9      | Noticed Joseph
  4303 | D:9      | HP: 4/122 [Joseph/+0 quarterstaff (5)]
  4304 | D:9      | Killed Joseph
  4626 | D:9      | Gained mutation: Your system is resistant to poisons.
                  | (rPois) [potion of mutation]
  4626 | D:9      | Gained mutation: You are occasionally teleported next to
                  | monsters. [potion of mutation]
  4626 | D:9      | Gained mutation: Your flesh is heat resistant. (rF+)
                  | [potion of mutation]
  4674 | D:10     | Entered Level 10 of the Dungeon
  4684 | D:10     | Noticed Nergalle
  4690 | D:10     | Killed Nergalle
  4690 | D:10     | Reached skill level 5 in Invocations
  4707 | D:10     | Noticed a gargoyle
  4756 | D:10     | Killed a gargoyle
  4763 | D:10     | Got a crude robe
  4788 | D:10     | Noticed Psyche
  4789 | D:10     | Found a staircase to the Orcish Mines.
  4794 | D:10     | Killed Psyche
  4818 | D:10     | Lost mutation: Your system is resistant to poisons. (rPois)
                  | [potion of mutation]
  4818 | D:10     | Lost mutation: You are occasionally teleported next to
                  | monsters. [potion of mutation]
  4818 | D:10     | Lost mutation: Your flesh is heat resistant. (rF+) [potion
                  | of mutation]
  4818 | D:10     | Gained mutation: You are dopey. (Int -2) [potion of
                  | mutation]
  4818 | D:10     | Gained mutation: Your flesh is heat resistant. (rF+)
                  | [potion of mutation]
  4842 | D:10     | Reached ***** piety under Cheibriados
  4953 | Orc:1    | Entered Level 1 of the Orcish Mines
  4966 | D:10     | Reached XP level 11. HP: 58/113 MP: 8/18
  5051 | Orc:1    | Noticed an orc high priest
  5054 | Orc:1    | Killed an orc high priest
  5062 | Orc:1    | Noticed an orc sorcerer
  5118 | D:11     | Found a staircase to the Lair.
  5160 | D:11     | Noticed a red ugly thing
  5375 | Orc:1    | Found Sapryl's Armour Shop.
  5396 | Orc:1    | Identified the +2 robe of the Orcish Mines {+Blink rElec
                  | Int-2 Dex+2} (You found it on level 10 of the Dungeon)
  5429 | Orc:1    | Found Ebanoh's Antique Armour Emporium.
  5513 | Orc:1    | Reached skill level 1 in Evocations
  5524 | Orc:1    | Killed an orc sorcerer
  5574 | Orc:1    | Found Suroitz's Antique Armour Shoppe.
  5617 | Orc:2    | Entered Level 2 of the Orcish Mines
  5640 | Orc:2    | Found a roughly hewn altar of Beogh.
  5692 | Orc:2    | Found a roughly hewn altar of Beogh.
  5692 | Orc:2    | Found Cuejich's Book Shop.
  5741 | Orc:2    | Found a staircase to the Elven Halls.
  5974 | D:11     | Noticed a white ugly thing
  5988 | D:11     | Killed a white ugly thing
  6076 | D:11     | Noticed a cyclops
  6081 | D:11     | Noticed a brown ugly thing
  6081 | D:11     | Noticed a red ugly thing
  6085 | D:11     | Noticed a tengu warrior
  6088 | D:11     | Killed a cyclops
  6099 | D:11     | Killed a tengu warrior
  6099 | D:11     | Reached skill level 10 in Unarmed Combat
  6102 | D:11     | Killed a red ugly thing
  6109 | D:11     | Killed a green ugly thing
  6109 | D:11     | Reached XP level 12. HP: 13/126 MP: 19/19
  6214 | D:10     | Noticed a two-headed ogre
  6223 | D:10     | Killed a two-headed ogre
  6223 | D:10     | Reached skill level 10 in Fighting
  6420 | D:11     | Noticed a two-headed ogre
  6424 | D:11     | Killed a two-headed ogre
  6668 | D:11     | Reached ****** piety under Cheibriados
  6699 | D:11     | Gained mutation: Your body sometimes deteriorates upon
                  | taking damage. [a neqoxec]
  6897 | Orc:2    | Found a roughly hewn altar of Beogh.
  6918 | Orc:2    | Found Peosch's Gadget Shoppe.
  7000 | Orc:2    | Noticed an orc warlord
  7119 | Orc:2    | Killed an orc warlord
  7219 | Orc:2    | Found Cauwumema's Antique Armour Boutique.
  7220 | Orc:2    | Found a roughly hewn altar of Beogh.
  7223 | Orc:2    | Found Ozicw's Antique Weapon Shop.
  7255 | Orc:2    | Found a roughly hewn altar of Beogh.
  7418 | Orc:2    | Found a roughly hewn altar of Beogh.
  7431 | Orc:2    | Found a roughly hewn altar of Beogh.
  7517 | Orc:1    | Found Mufat's Magic Scroll Boutique.
  7526 | Orc:1    | Bought a scroll of acquirement for 624 gold pieces
  7531 | Orc:1    | Acquired 733 gold pieces
  7616 | Orc:2    | Bought a tin of tremorstones (3/3) for 480 gold pieces
  7765 | D:12     | Reached XP level 13. HP: 103/137 MP: 18/20
  7862 | D:12     | You fall into a shaft and drop 1 floor!
  7862 | D:13     | Found a gate leading to a gauntlet.
  7894 | Gauntlet | Entered a Gauntlet
  7894 | Gauntlet | Found a transporter.
  7894 | Gauntlet | Found a transporter.
  7911 | Gauntlet | Found a transporter.
  7912 | Gauntlet | Found a transporter.
  7915 | Gauntlet | Found a runed translucent door.
  7917 | Gauntlet | Found a runed translucent door.
  7919 | Gauntlet | Found a transporter.
  7923 | Gauntlet | Found a transporter.
  7927 | Gauntlet | Noticed a green death
  7932 | Gauntlet | Found a transporter.
  7947 | Gauntlet | Found a transporter.
  7961 | Gauntlet | Found a transporter.
  7965 | Gauntlet | Found a transporter.
  7973 | Gauntlet | Found a transporter.
  7977 | Gauntlet | Found a transporter.
  8048 | Gauntlet | Identified the Volume of Frigorific Translocation
  8093 | Gauntlet | Killed a green death
  8105 | Gauntlet | Got a warped iron ring
  8109 | Gauntlet | Identified the ring "Oda Veur" {rF- Str+6 Int+2 Dex+8} (You
                  | found it in a Gauntlet)
  8143 | Gauntlet | Noticed a minotaur
  8158 | Gauntlet | Killed a minotaur
  8174 | D:13     | Acquired the +2 hat "Culah" {rN+ Regen+ Dex+3 Slay+2}
  8284 | D:12     | Learned a level 3 spell: Frozen Ramparts
  8356 | D:12     | Found a shimmering altar of Xom.
  8508 | D:13     | Identified Runide's Papyrus of the Aerial Rocks
  8512 | D:13     | Learned a level 1 spell: Apportation
  8658 | D:14     | Found a frozen archway.
  8664 | D:14     | Reached skill level 1 in Translocations
  8704 | IceCv    | Entered an ice cave
  8828 | IceCv    | Noticed a white draconian
  8842 | IceCv    | Killed a white draconian
  8852 | IceCv    | Reached skill level 5 in Ice Magic
  8996 | IceCv    | Reached XP level 14. HP: 87/149 MP: 18/23
  9191 | D:14     | Found Giusm's Armour Shoppe.
  9274 | D:15     | Entered Level 15 of the Dungeon
  9420 | D:14     | Reached skill level 10 in Transmutations
  9522 | D:14     | Found a gate to the Vaults.
  9828 | D:15     | Learned a level 7 spell: Dragon Form
  9937 | D:15     | Gained mutation: You tend to lose your temper in combat.
                  | [mutagenic glow]
  9949 | D:15     | Gained mutation: You are weak. (Str -2) [mutagenic glow]
  9976 | D:15     | Lost mutation: Your body sometimes deteriorates upon taking
                  | damage. [potion of mutation]
  9976 | D:15     | Lost mutation: You tend to lose your temper in combat.
                  | [potion of mutation]
  9976 | D:15     | Lost mutation: You are dopey. (Int -2) [potion of mutation]
  9976 | D:15     | Gained mutation: You are very weak. (Str -4) [potion of
                  | mutation]
  9976 | D:15     | Gained mutation: Your body sometimes deteriorates upon
                  | taking damage. [potion of mutation]
  9976 | D:15     | Gained mutation: You are dopey. (Int -2) [potion of
                  | mutation]
  9976 | D:15     | Gained mutation: You are agile. (Dex +2) [potion of
                  | mutation]
 10200 | Lair:1   | Entered Level 1 of the Lair of Beasts
 10253 | Lair:1   | Found a sacrificial altar of Ru.
 10324 | Lair:2   | Found a staircase to the Snake Pit.
 10999 | Lair:3   | Reached XP level 15. HP: 157/157 MP: 19/24
 11231 | Lair:4   | Found a staircase to the Swamp.
 11263 | Swamp:1  | Entered Level 1 of the Swamp
 11423 | Swamp:2  | Reached skill level 5 in Evocations
 11945 | Swamp:3  | Learned a level 5 spell: Borgnjor's Vile Clutch
 12002 | Swamp:4  | Entered Level 4 of the Swamp
 12002 | Swamp:4  | Noticed a thorn hunter
 12009 | Swamp:4  | Killed a thorn hunter
 12009 | Swamp:4  | Reached skill level 1 in Necromancy
 12009 | Swamp:4  | Reached skill level 1 in Earth Magic
 12123 | Swamp:4  | Noticed a thorn hunter
 12126 | Swamp:4  | Killed a thorn hunter
 12144 | Swamp:4  | Reached XP level 16. HP: 102/167 MP: 26/26
 12318 | Swamp:4  | Got a decaying rune of Zot
 12403 | Swamp:1  | Reached skill level 5 in Necromancy
 12403 | Swamp:1  | Reached skill level 5 in Earth Magic
 12821 | Lair:5   | Noticed Sonja
 12827 | Lair:5   | Killed Sonja
 12871 | Lair:6   | Entered Level 6 of the Lair of Beasts
 12985 | Lair:6   | Got a heavily jewelled robe
 12986 | Lair:6   | Identified the +3 robe of Ebiptae {Rampage rCorr Int-4
                  | Slay+5} (You found it on level 6 of the Lair of Beasts)
 13308 | Lair:6   | Reached skill level 10 in Invocations
 13364 | Lair:6   | Found a viscous altar of Jiyva.
 13364 | Lair:6   | Found a staircase to the Slime Pits.
 13586 | Snake:1  | Entered Level 1 of the Snake Pit
 13639 | Snake:1  | Noticed Asterion
 13644 | Snake:1  | Killed Asterion
 13644 | Snake:1  | Reached XP level 17. HP: 179/179 MP: 27/27
 13733 | Snake:1  | Found a snail-covered altar of Cheibriados.
 13991 | Snake:2  | Noticed Donald
 14006 | Snake:2  | Killed Donald
 14270 | Snake:4  | Entered Level 4 of the Snake Pit
 14346 | Snake:3  | Reached skill level 15 in Unarmed Combat
 14439 | Snake:3  | Reached skill level 15 in Fighting
 14720 | Snake:4  | Reached XP level 18. HP: 165/193 MP: 20/28
 15135 | Snake:4  | Found a hide-covered altar of Uskayaw.
 15353 | Snake:4  | Got a serpentine rune of Zot
 15528 | Elf:1    | Entered Level 1 of the Elven Halls
 15652 | Elf:2    | Got a dazzling cloak
 15653 | Elf:2    | Identified the +3 cloak "Veheu" {Dex+5 Stlth+} (You found
                  | it on level 2 of the Elven Halls)
 15670 | Elf:2    | Learned a level 2 spell: Passwall
 15879 | Elf:2    | Found Vasex's Armour Boutique.
 16014 | Elf:3    | Entered Level 3 of the Elven Halls
 16448 | Elf:3    | Noticed a Brimstone Fiend
 16460 | Elf:3    | Noticed a deep elf blademaster
 16466 | Elf:3    | Killed a deep elf blademaster
 16468 | Elf:3    | Killed from afar by a deep elf death mage

Illustrated notes

Levels and vault maps discovered:
D:1:      dpeg_arrival_line_fractal, layout_rooms, minmay_tripent
D:2:      layout_basic, eat_drink_and_be_merry_uskayaw, uniq_natasha
D:3:      layout_basic
D:4:      layout_basic, uniq_edmund
D:5:      wander_river, layout_cave_pods, yredelemnul_altar_generic,
          grunt_ministairs_9, uniq_ijyb
D:6:      layout_basic, lemuel_doored_altar, nicolae_ru_path_of_blood,
          minmay_temple_entry_ruins, serial_glass, glass_columns_c,
          glass_columns_b, item_on_display_a, due_unseen_surprise, serial_shops,
          shop, minmay_shop_mass, uniq_blork_the_orc
D:7:      layout_basic, nicolae_overflow_hidden_temple, serial_shops, shop,
          uniq_crazy_yiuf_cottage
D:8:      minmay_the_grid_four_pointed_star
          [minmay_the_grid_triangle_9x9_descending_squares,
          minmay_the_grid_triangle_9x9_sprig,
          minmay_the_grid_triangle_9x9_shrine,
          minmay_the_grid_triangle_9x9_swiss_cheese,
          minmay_the_grid_prize_trominoes], layout_rooms, nemelex_altar_shiori,
          serial_shops, nicolae_shop_crystal, shop, shop_statue, special_room
          [special_room_orc], uniq_maggie, uniq_grum, uniq_erica
D:9:      layout_loops_ring, uniq_joseph
D:10:     layout_basic, serial_glass, glass_columns_a, glass_columns_b,
          due_unseen_surprise, uniq_psyche, uniq_nergalle
D:11:     layout_roguey, david_lair_shrubbed, billiards_dpeg
D:12:     layout_rooms, serial_shops, kennysheep_little_box, basic_altar
D:13:     layout_cave_pools, gauntlet_entry_generic, kennysheep_windowed_goal
D:14:     layout_rooms, grunt_vaults_entry_tiered, serial_shops,
          nicolae_shop_trees, portal_ice_cave_entry_ice_beasts,
          skrybe_limestone_x
D:15:     gammafunk_depths_entry_grave, layout_irregular_city
Temple:   nicolae_temple_x_marks_the_god
Lair:1:   layout_hall_layers, lemuel_oklob_altar, grunt_megastairs_5
Lair:2:   layout_cave_pods, guppyfry_snake_entry_garden, lemuel_fruit_fields,
          infiniplex_staircase_pool
Lair:3:   minmay_lair_oklob_tunnel, layout_gridlike,
          cheibrodos_lair_reptile_den, minmay_lair_oklob_chamber
Lair:4:   layout_small_grid, minmay_swamp_entry_swarm, roderic_carrion_pond
Lair:5:   layout_hall_layers, wad_woods_river_02, uniq_sonja
Lair:6:   evilmike_catoblepas_cave, layout_cellular_growth, slime_altar_1,
          infiniplex_staircase_pool_2
Swamp:1:  layout_basic_swamp, evilmike_swamp_ruin_rubble_2, swamp_pool4,
          nicolae_swamp_triple_paths, hangedman_swamp_diagram,
          nicolae_swamp_spriggan_camp
Swamp:2:  layout_falls_marsh, hangedman_swamp_blocks, swamp_pool2,
          nicolae_swamp_round_clearing
Swamp:3:  layout_basic_swamp, evilmike_swamp_ruin_house_5
Swamp:4:  swamp_basic_johnstein, layout_basic_swamp, swamp_pool4
Snake:1:  layout_onion_interference, basic_altar, uniq_asterion
Snake:2:  layout_misc_corridors, grunt_ministairs_12, serial_bayou_pond_e,
          uniq_donald
Snake:3:  layout_honeycomb, hangedman_snake_corridor_split
Snake:4:  snake_pit, layout_chambers, basic_altar
Orc:1:    layout_diamond_mine, serial_shops, nicolae_shop_overgrown_old_shop,
          nicolae_shop_overgrown_old_shop, nicolae_shop_window_shopping,
          nicolae_shop_trees
Orc:2:    grunt_orc_community_town_hall, layout_diamond_mine,
          grunt_orc_community_big_house_1, grunt_orc_community_big_house_2,
          grunt_orc_community_house_2, grunt_orc_community_house_3,
          grunt_orc_community_house_3, grunt_orc_community_house_2,
          grunt_orc_community_house_1, grunt_orc_community_house_3
Elf:1:    hangedman_cross_stitches, layout_rooms, minivault_28, minivault_14,
          uniq_kirke
Elf:2:    layout_geoelf_octagon, serial_shops, shop
Elf:3:    grunt_elf_hall_asides, layout_geoelf_diagonals, minivault_26

Skill      XL: |  1  2  3  4  5  6  7  8  9 10 11 12 13 14 15 16 17 18 |
---------------+-------------------------------------------------------+-----
Unarmed Combat | 3 4 5 6 7 8 10 11 12 13 15 16 | 16.2
Fighting       | 2 3 4 5 7 8 9 11 12 13 15 16 | 16.1
Transmutations | 3 6 8 12 14 | 14.0
Poison Magic   | 1 |  1.0
Dodging        | 2 3 4 5 6 8 |  8.8
Spellcasting   | 5 6 7 |  7.0
Ice Magic      | 3 5 |  5.0
Invocations    | 3 6 8 9 10 12 | 12.0
Evocations     | 3 5 7 |  7.0
Translocations | 1 2 |  2.0
Necromancy     | 3 5 |  5.0
Earth Magic    | 3 5 7 |  7.0

Action                   |  1- 3 |  4- 6 |  7- 9 | 10-12 | 13-15 | 16-18 || total
-------------------------+-------+-------+-------+-------+-------+-------++-------
Melee: Unarmed           |    64 |    51 |   342 |   532 |   782 |   602 ||  2373
       Kick              |     5 |     4 |     6 |       |       |       ||    15
       Headbutt          |     8 |     1 |     4 |       |       |       ||    13
       Punch             |     1 |     2 |     1 |       |     8 |    57 ||    69
       Tailslap          |       |       |       |       |    20 |    93 ||   113
       Bite              |       |       |       |       |    12 |    75 ||    87
Throw: Javelin           |       |       |     2 |     4 |       |       ||     6
 Cast: Beastly Appendage |    10 |     3 |     9 |       |       |       ||    22
       Spider Form       |     1 |     5 |    33 |    47 |    12 |       ||    98
       Ice Form          |       |       |     5 |    18 |    52 |     1 ||    76
       Wereblood         |       |       |     1 |     2 |       |       ||     3
       Apportation       |       |       |       |       |    27 |    47 ||    74
       Dragon Form       |       |       |       |       |    11 |    63 ||    74
       Borgnjor's Vile C |       |       |       |       |       |     6 ||     6
       Frozen Ramparts   |       |       |       |       |       |     1 ||     1
Invok: Temporal Distorti |       |       |       |     3 |     4 |       ||     7
       Slouch            |       |       |       |     3 |     7 |     3 ||    13
 Abil: End Transformatio |       |       |     2 |     4 |    24 |    29 ||    59
Evoke: Wand              |       |       |     7 |    16 |     6 |     7 ||    36
       Lightning rod     |       |       |       |     7 |     1 |       ||     8
       Tin of tremorston |       |       |       |       |     7 |     6 ||    13
       Phantom mirror    |       |       |       |       |     1 |     1 ||     2
  Use: Scroll            |       |       |    13 |    13 |    10 |    15 ||    51
       Potion            |       |       |     4 |     3 |     4 |     4 ||    15
 Stab: Invisible         |       |       |     6 |     4 |     2 |       ||    12
       Paralysed         |       |       |       |     1 |       |       ||     1
       Sleeping          |       |       |       |     3 |     3 |     3 ||     9
       Distracted        |       |       |       |       |     2 |       ||     2
       Confused          |       |       |       |       |     1 |       ||     1
       Petrified         |       |       |       |       |       |     3 ||     3
       Petrifying        |       |       |       |       |       |     1 ||     1
Armor: Robe              |    22 |     6 |    10 |     3 |       |       ||    41
       Skin              |       |     1 |    34 |    36 |   189 |   267 ||   527
       Troll leather arm |       |       |       |     2 |    21 |     9 ||    32
Dodge: Dodged            |    36 |    25 |   257 |   536 |   795 |   411 ||  2060
       Repelled          |       |       |       |       |     1 |     6 ||     7

Table legend: (Time is in decaauts)
 A = Elapsed time spent in this place.
 B = Non-inter-level travel time spent in this place.
 C = Inter-level travel time spent in this place.
 D = Time resting spent in this place.
 E = Time spent auto-exploring this place.
 F = Levels seen in this place.
 G = Mean time per level.
                   A        B        C        D        E       F      G
               +--------+--------+--------+--------+--------+-----+--------+
         Total |  25507 |  24195 |   1312 |     67 |      0 |  37 |  689.4 |
       Dungeon |  11383 |  10754 |    629 |     67 |      0 |  15 |  758.9 |
        Temple |     23 |     23 |      0 |      0 |      0 |   1 |   23.0 |
          Lair |   3945 |   3734 |    211 |      0 |      0 |   6 |  657.5 |
         Swamp |   1994 |   1880 |    114 |      0 |      0 |   4 |  498.5 |
     Snake Pit |   3098 |   3010 |     88 |      0 |      0 |   4 |  774.5 |
  Orcish Mines |   2458 |   2189 |    269 |      0 |      0 |   2 | 1229.0 |
   Elven Halls |   1545 |   1545 |      0 |      0 |      0 |   3 |  515.0 |
      Ice Cave |    568 |    568 |      0 |      0 |      0 |   1 |  568.0 |
      Gauntlet |    491 |    491 |      0 |      0 |      0 |   1 |  491.0 |
               +--------+--------+--------+--------+--------+-----+--------+

Top non-repeatable levels by time:
   Orc:2: 1601 daAuts
    D:11: 1488 daAuts
    D:10: 1267 daAuts
 Snake:4: 1150 daAuts
    D:14: 1085 daAuts
     D:5: 1057 daAuts
     D:9: 914 daAuts
     D:7: 882 daAuts
  Lair:6: 864 daAuts
  Lair:2: 860 daAuts
   Orc:1: 856 daAuts
    D:15: 852 daAuts
 Snake:3: 830 daAuts
 Snake:2: 811 daAuts
  Lair:3: 802 daAuts
